 Dungeon Sprint DCSS version 0.26-a0-1107-g6118521029 (webtiles) character file.

Game seed: 7595559810334461629

134 sahdkjhfkaj the Unseen (level 4, -1/21 HPs)
             Began as a Felid Monk on Dec 17, 2020.
             Was a High Priest of Dithmenos.
             Hit by a javelin thrown by a minotaur (22 damage)
             ... in the Dungeon (Sprint VII: "The Pits").
             The game lasted 00:01:22 (440 turns).

sahdkjhfkaj the Unseen (Felid Monk)                  Turns: 440, Time: 00:01:23

Health: -1/21      AC:  1    Str:  7    XL:     4   Next: 95%
Magic:  5/5        EV: 20    Int: 12    God:    Dithmenos [*****.]
Gold:   0          SH:  0    Dex: 19    Spells: 3/3 levels left
                                        Lives:  0   Deaths: 1

rFire    . . .     SeeInvis +     - Unarmed
rCold    . . .     Faith    .   (shield unavailable)
rNeg     . . .     Spirit   .   (armour unavailable)
rPois    .         Reflect  .   (helmet unavailable)
rElec    .         Harm     .   (cloak unavailable)
rCorr    .         Rampage  .   (gloves unavailable)
Will     .....     NoTele   +   (boots unavailable) Stlth **++++++++
                                (no amulet)
HPRegen  0.07/turn              (no ring)
MPRegen  0.09/turn              (no ring)

@: wreathed by umbra, quick
A: very small, no armour, no weapons or thrown items, stealth, claws 1, fangs 3,
see invisible, speed 1, shaggy fur 1, sharp paws
a: Shadow Step, Shadow Form, Renounce Religion


You were in the Dungeon.
You worshipped Dithmenos.
Dithmenos was extremely pleased with you.
You visited 1 branch

Inventory:

Scrolls
 f - a scroll of blinking
 h - 3 scrolls of remove curse
 i - 5 scrolls of amnesia
Potions
 a - 6 potions of curing
 b - 3 potions of heal wounds
 c - a potion of haste
 d - 4 potions of magic
 e - a potion of berserk rage
 g - 2 potions of invisibility


   Skills:
 - Level 3.0 Fighting
 - Level 4.0 Dodging
 + Level 16.4 Stealth
 - Level 3.0 Unarmed Combat


You had 3 spell levels left.
You didn't know any spells.
Your spell library was empty.

Dungeon Overview and Level Annotations

Branches:
Dungeon (1/1)

Altars:
Ashenzari
Cheibriados
Dithmenos
Elyvilon
Fedhas
Gozag
Hepliaklqana
Kikubaaqudgha
Makhleb
Nemelex Xobeh
Okawaru
Qazlal
Ru
Sif Muna
Trog
Uskayaw
Vehumet
Wu Jian
Xom
Yredelemnul
Zin
The Shining One
Beogh
Jiyva
Lugonu


Innate Abilities, Weirdness & Mutations

You cannot wear armour.
You are incapable of wielding weapons or throwing items.
Your paws allow you to move quietly. (Stealth)
You have sharp claws.
You have razor-sharp teeth.
You have supernaturally acute eyesight. (SInv)
You cover ground quickly.
You are covered in fur. (AC +1)
Your sharp claws are effective at attacking unaware monsters.


Message History

The minotaur is severely wounded.
Your shadow hits the minotaur but does no damage.
You scratch the minotaur. You bite the minotaur!
The minotaur is severely wounded.
Your shadow hits the minotaur but does no damage.
The minotaur completely misses you. The minotaur gores you.
You die...
You are now level 4!
You rejoin the land of the living...
Unknown command.
Unknown command.
Unknown command.
Unknown command.
Unknown command.
Unknown command.
Unknown command.
The minotaur throws a javelin.
The javelin pierces through you!!
Ouch! That really hurt!
You die...

#)#..#[))).##.......#
#'###########.......#
#.......# #########
#...#...# #...#...#
#.##.##§#+#
#...#.§§#H+
#...#.§§#§#
#....§§§@§#
###########


You could see a minotaur.

Vanquished Creatures
  A floating eye (D)
  A gnoll shaman (D)
  4 gnolls (D)
  An adder (D)
  A worm (D)
  An orc (D)
  2 giant cockroaches (D)
  2 quokkas (D)
  A ball python (D)
  A kobold (D)
  A rat (D)
16 creatures vanquished.

Vanquished Creatures (collateral kills)
  A fire bat (D)
  A river rat (D)
  An ooze (D)
3 creatures vanquished.

Grand Total: 19 creatures vanquished

Notes
Turn   | Place    | Note
-------+----------+-------------------------------------------
     0 | D        | sahdkjhfkaj the Felid Monk began the quest for the Orb.
     0 | D        | Reached XP level 1. HP: 10/10 MP: 2/2
    18 | D        | Reached skill level 4 in Stealth
    41 | D        | Found a bloodstained altar of Trog.
    41 | D        | Found a shimmering blue altar of Sif Muna.
    41 | D        | Found a viscous altar of Jiyva.
    41 | D        | Found a hazy altar of Hepliaklqana.
    41 | D        | Found an opulent altar of Gozag.
    42 | D        | Found a glowing golden altar of the Shining One.
    42 | D        | Found a glowing silver altar of Zin.
    42 | D        | Found a basalt altar of Yredelemnul.
    42 | D        | Found a shimmering altar of Xom.
    42 | D        | Found an ornate altar of the Wu Jian Council.
    42 | D        | Found a sacrificial altar of Ru.
    42 | D        | Found a stormy altar of Qazlal.
    42 | D        | Found an iron altar of Okawaru.
    42 | D        | Found a sparkling altar of Nemelex Xobeh.
    42 | D        | Found a burning altar of Makhleb.
    42 | D        | Found a blossoming altar of Fedhas.
    42 | D        | Found a white marble altar of Elyvilon.
    42 | D        | Found a shadowy altar of Dithmenos.
    42 | D        | Found a snail-covered altar of Cheibriados.
    43 | D        | Found a radiant altar of Vehumet.
    43 | D        | Found a corrupted altar of Lugonu.
    43 | D        | Found a roughly hewn altar of Beogh.
    44 | D        | Found an ancient bone altar of Kikubaaqudgha.
    44 | D        | Found a hide-covered altar of Uskayaw.
    44 | D        | Found a broken altar of Ashenzari.
    49 | D        | Became a worshipper of Dithmenos the Shadowed
    49 | D        | Reached * piety under Dithmenos
    49 | D        | Reached ** piety under Dithmenos
    92 | D        | Reached skill level 5 in Stealth
   158 | D        | Reached *** piety under Dithmenos
   159 | D        | Reached skill level 7 in Stealth
   159 | D        | Reached XP level 2. HP: 14/14 MP: 3/3
   161 | D        | Noticed a fire bat
   166 | D        | Reached skill level 8 in Stealth
   167 | D        | Killed a fire bat
   168 | D        | Reached skill level 12 in Stealth
   168 | D        | Reached XP level 3. HP: 17/17 MP: 4/4
   168 | D        | Reached XP level 4. HP: 21/21 MP: 5/5
   178 | D        | Reached **** piety under Dithmenos
   226 | D        | Noticed a floating eye
   331 | D        | Paralysed by a floating eye for 2 turns
   335 | D        | Killed a floating eye
   336 | D        | Reached skill level 15 in Stealth
   336 | D        | Reached XP level 5. HP: 24/24 MP: 6/6
   373 | D        | Reached ***** piety under Dithmenos
   391 | D        | Reached skill level 16 in Stealth
   429 | D        | Noticed a minotaur
   433 | D        | HP: 1/36 [minotaur (6)]
   435 | D        | Slain by a minotaur
   436 | D        | Reached XP level 4. HP: -1/31 MP: 5/5
   440 | D        | Hit by a javelin thrown by a minotaur

Illustrated notes

Levels and vault maps discovered:
D:        pitsprint [storerooms_1, entrance_room_1, metal_vault_6, armoury_1,
          mini_pit_1, grid_room_1, main_hall_1, silver_pit, the_coven_1,
          the_vestibule_1, steel_vault_4, golden_pit, hallway_of_sentries,
          crystal_vault_4, iron_vault_4, final_vault]

Skill      XL: |  1  2  3  4  5 |
---------------+----------------+-----
Stealth        | 7 12 15 16 | 16.4
Fighting       | |  3.0
Dodging        | |  4.0
Unarmed Combat | |  3.0

Action                   |  1- 3 |  4- 6 || total
-------------------------+-------+-------++-------
Melee: Unarmed           |    17 |    59 ||    76
       Bite              |       |     6 ||     6
  Use: Scroll            |     1 |       ||     1
       Potion            |       |     5 ||     5
 Stab: Sleeping          |     2 |     3 ||     5
Dodge: Dodged            |    12 |    71 ||    83

Table legend: (Time is in decaauts)
 A = Elapsed time spent in this place.
 B = Non-inter-level travel time spent in this place.
 C = Inter-level travel time spent in this place.
 D = Time resting spent in this place.
 E = Time spent auto-exploring this place.
 F = Levels seen in this place.
 G = Mean time per level.
                   A        B        C        D        E       F      G
               +--------+--------+--------+--------+--------+-----+--------+
         Total |    409 |    386 |     23 |    177 |      0 |   1 |  409.0 |
       Dungeon |    409 |    386 |     23 |    177 |      0 |   1 |  409.0 |
               +--------+--------+--------+--------+--------+-----+--------+

Top non-repeatable levels by time:
       D: 409 daAuts
